 Dungeon Crawl Stone Soup version 0.26.0-10-g1f06aea511 (webtiles) character file.

Game seed: 14186266132268142536

4242 ChickenMitten the Cleaver (level 10, -4/118 HPs)
             Began as a Formicid Fighter on Jan 29, 2021.
             Was an Initiate of Gozag.
             Slain by a killer bee (6 damage)
             ... on level 11 of the Dungeon.
             The game lasted 00:10:07 (9199 turns).

ChickenMitten the Cleaver (Formicid Fighter)        Turns: 9199, Time: 00:10:09

Health: -4/118     AC: 25    Str: 23    XL:     10   Next: 55%
Magic:  10/10      EV:  2    Int:  9    God:    Gozag
Gold:   220        SH: 11    Dex: 10    Spells: 9/9 levels left

rFire    + . .     SeeInvis .   C - +2 mace "Cocah" {pain, rN+}
rCold    + . .     Faith    .   c - +0 kite shield
rNeg     + + +     Spirit   .   (armour currently unavailable)
rPois    +         Reflect  .   (helmet unavailable)
rElec    +         Harm     .   (cloak currently unavailable)
rCorr    +         Rampage  .   (gloves currently unavailable)
Will     +....                  (boots currently unavailable)
Stlth    +.........             (no amulet)
HPRegen  0.29/turn              (no ring)
MPRegen  0.12/turn              (no ring)

@: mighty, brilliant, lethally poisoned (-4 -> -19), tree-form, resistant, gold
aura
A: permanent stasis, dig shafts and tunnels, four strong arms
a: Renounce Religion, Potion Petition, Call Merchant, Bribe Branch


You were on level 11 of the Dungeon.
You worshipped Gozag.
Gozag was aware of your devotion.
You were a tree.
You visited 2 branches of the dungeon, and saw 11 of its levels.

You collected 1007 gold pieces.
You paid 787 gold pieces to Gozag.

Inventory:

Hand Weapons
 a - a +0 war axe
 C - the +2 mace "Cocah" (weapon) {pain, rN+}
   (You found it on level 11 of the Dungeon)

   In the hands of one skilled in necromantic magic, it inflicts extra damage on
   living creatures.
   It protects you from negative energy.
Armour
 b - a +0 scale mail (melded)
 c - a +0 kite shield (worn)
 d - a +0 pair of boots (melded)
 m - a scarf of shadows
 w - a +2 cloak (melded)
Jewellery
 A - a cursed ring of attention {unknown}
Wands
 t - a wand of flame (40)
 u - a wand of acid (7)
 y - a wand of paralysis (11)
Scrolls
 f - 5 scrolls of remove curse {unknown}
 g - 3 scrolls of fog {unknown}
 h - 2 scrolls of magic mapping {unknown}
 j - 4 scrolls of identify {unknown}
 l - 3 scrolls of enchant armour {unknown}
 o - a scroll of noise {unknown}
 r - 3 scrolls of teleportation {unknown}
 B - a scroll of fear {unknown}
Potions
 e - 2 potions of lignification
 i - a potion of brilliance {unknown}
 k - a potion of invisibility {unknown}
 n - 3 potions of haste {unknown}
 p - a potion of degeneration {unknown}
 q - 4 potions of curing {unknown}
 s - a potion of heal wounds {unknown}
 v - a potion of magic {unknown}
 x - a potion of might
 z - a potion of flight {unknown}


   Skills:
 * Level 7.1 Fighting
 * Level 10.2 Axes
 * Level 7.8 Armour
 * Level 8.4 Shields


You had 9 spell levels left.
You didn't know any spells.
Your spell library contained the following spells:

 Spells                   Type           Power        Failure   Level
 Animate Skeleton         Necr           0%           41%         1
 Pain                     Necr           0%           41%         1
 Vampiric Draining        Necr           0%           80%         3
 Animate Dead             Necr           0%           99%         4
 Agony                    Necr           0%           100%        5


Dungeon Overview and Level Annotations

Branches:
Dungeon (12/15)            Temple (1/1) D:5
   Lair: D:8-11         Orc: D:9-12

Altars:
Cheibriados
Elyvilon
Fedhas
Gozag
Hepliaklqana
Kikubaaqudgha
Okawaru
Trog
Uskayaw
Xom
Yredelemnul
Zin

Shops:
D:4 ([[*   D:5 :   D:6 *


Innate Abilities, Weirdness & Mutations

You cannot be hasted, slowed, berserked, paralysed or teleported.
You can dig through walls and to a lower floor.
Your four strong arms can wield two-handed weapons with a shield.
((You have a pair of large antennae on your head. (SInv)))


Message History

You are lethally poisoned!
The killer bee poisons you!
The killer bee stings you but does no damage.
You sock the killer bee!
You kill the killer bee!
* * * LOW HITPOINT WARNING * * *
You feel sick. You block the killer bee's attack. x2
The killer bee stings you but does no damage.
The killer bee stings you.
* * * LOW HITPOINT WARNING * * *
You cannot move.
You closely miss the killer bee.
* * * LOW HITPOINT WARNING * * *
You feel very sick.
You block the killer bee's attack. x2; The killer bee stings you.
* * * LOW HITPOINT WARNING * * *
The killer bee stings you but does no damage.
The killer bee stings you.
You die...
Your body crumbles into a pile of gold.

##.#. ....#.
.........##
...#.....###
..##....#.. ..
........### ## ...###
.........$##.####
...... #....y$y.......#
......#
##..##$♣#.......# #
.....##.))##..#y...##..
...#.#......#####....#
..........##y.##....[#
....$....####y...###.#
......##.# ##..## .#
#...# #.# #..## # ##.
#y# #.#.. #.# #####.


You could see 2 killer bees.

Vanquished Creatures
  A two-headed ogre (D:11)
  Pikel (D:4)
  Grinder (D:5)
  Sigmund (D:6)
  Menkaure (D:5)
  Duvessa (D:6)
  4 ice beasts
  3 ogres
  A phantom (D:7)
  3 centaurs
  3 bullfrogs
  2 big kobolds (D:7)
  Dowan (D:6)
  A scorpion (D:6)
  6 killer bees
  2 howler monkeys
  2 bullfrog zombies
  A quasit (D:8)
  3 hounds
  3 orc priests
  Crazy Yiuf (D:6)
  2 orc wizards (D:5)
  A centaur skeleton (D:4)
  2 worker ants
  2 killer bee zombies
  3 hound zombies
  2 worker ant zombies (D:4)
  9 gnolls
  9 adders
  A white imp (D:6)
  3 ufetubi
  2 oozes
  2 adder zombies (D:4)
  4 worms
  A dart slug (D:1)
  A leopard gecko (D:5)
  11 orcs
  6 bats
  4 giant cockroaches
  4 goblins
  6 hobgoblins
  4 jackals (D:7)
  15 kobolds
  A quokka (D:4)
  A ball python (D:3)
  6 frilled lizards
  A giant cockroach zombie (D:4)
  A jackal skeleton (D:4)
  A quokka skeleton (D:4)
  4 rats
151 creatures vanquished.

Vanquished Creatures (others)
  An ogre (D:8)
  3 fungi (D:5)
  A plant (D:5)
5 creatures vanquished.

Grand Total: 156 creatures vanquished

Notes
Turn   | Place    | Note
-------+----------+-------------------------------------------
     0 | D:1      | ChickenMitten the Formicid Fighter began the quest for the
                  | Orb.
     0 | D:1      | Reached XP level 1. HP: 18/18 MP: 1/1
   159 | D:1      | Reached XP level 2. HP: 24/24 MP: 2/2
   433 | D:1      | Reached XP level 3. HP: 26/29 MP: 3/3
   489 | D:1      | You fall into a shaft and drop 1 floor!
  1272 | D:2      | Found a bloodstained altar of Trog.
  1381 | D:3      | Reached XP level 4. HP: 29/37 MP: 4/4
  1660 | D:3      | Reached skill level 3 in Axes
  1966 | D:3      | Found a shimmering altar of Xom.
  1967 | D:3      | Found a hazy altar of Hepliaklqana.
  1968 | D:3      | Noticed a spectral ugly thing
  2250 | D:4      | Reached XP level 5. HP: 40/42 MP: 5/5
  2525 | D:4      | Reached skill level 4 in Axes
  2525 | D:4      | Reached XP level 6. HP: 21/48 MP: 6/6
  2703 | D:4      | Noticed Pikel
  2727 | D:4      | Killed Pikel
  2728 | D:4      | Reached skill level 6 in Axes
  2728 | D:4      | Reached skill level 5 in Shields
  2728 | D:4      | Reached XP level 7. HP: 35/55 MP: 7/7
  2903 | D:4      | Found Orulonas's Armour Shoppe.
  2907 | D:4      | Found Revvor's Assorted Antiques.
  2907 | D:4      | Found Getoewi's Weapon Shoppe.
  3053 | D:4      | Found Pachipsi's Armour Shoppe.
  3284 | D:4      | Reached XP level 8. HP: 54/61 MP: 8/8
  3373 | D:4      | Found a snail-covered altar of Cheibriados.
  3373 | D:4      | Found a white marble altar of Elyvilon.
  3488 | D:5      | Entered Level 5 of the Dungeon
  3488 | D:5      | Found a blossoming altar of Fedhas.
  3506 | D:5      | Found a staircase to the Ecumenical Temple.
  3539 | D:5      | Noticed Menkaure
  3545 | Temple   | Entered the Ecumenical Temple
  3637 | Temple   | Became a worshipper of Gozag Ym Sagoz the Greedy
  3653 | D:5      | Killed Menkaure
  3654 | D:5      | Reached skill level 5 in Armour
  3827 | D:5      | Reached skill level 5 in Fighting
  4114 | D:5      | Found a basalt altar of Yredelemnul.
  4211 | D:5      | Reached skill level 7 in Axes
  4962 | D:5      | Found an iron altar of Okawaru.
  5011 | D:5      | Noticed Grinder
  5025 | D:5      | Killed Grinder
  5026 | D:5      | Reached skill level 8 in Axes
  5026 | D:5      | Reached XP level 9. HP: 34/69 MP: 9/9
  5583 | D:5      | Found Goculal's Book Shop.
  6039 | D:6      | Found a runed translucent door.
  6040 | D:6      | Noticed Crazy Yiuf
  6374 | D:6      | Found Zin's Purification Station.
  6375 | D:6      | Found a glowing silver altar of Zin.
  6478 | D:6      | Noticed Sigmund
  6501 | D:6      | Killed Sigmund
  6642 | D:6      | Noticed Duvessa
  6643 | D:6      | Noticed Dowan
  6655 | D:6      | Killed Duvessa
  6664 | D:6      | Killed Dowan
  7410 | D:6      | Killed Crazy Yiuf
  7671 | D:7      | Reached skill level 9 in Axes
  8002 | D:7      | Found a hide-covered altar of Uskayaw.
  8084 | D:7      | Reached XP level 10. HP: 62/77 MP: 10/10
  9137 | D:8      | You fall into a shaft and drop 3 floors!
  9137 | D:11     | Noticed a two-headed ogre
  9146 | D:11     | Killed a two-headed ogre
  9147 | D:11     | Reached skill level 10 in Axes
  9157 | D:11     | Got a crystal mace
  9158 | D:11     | Identified the +2 mace "Cocah" {pain, rN+} (You found it on
                  | level 11 of the Dungeon)
  9183 | D:12     | Noticed a brown ugly thing
  9183 | D:12     | Noticed a brown ugly thing
  9199 | D:11     | HP: 2/118 [killer bee (6)]
  9199 | D:11     | Slain by a killer bee

Illustrated notes

Levels and vault maps discovered:
D:1:      matt_arrival_los_fun, layout_loops_corners
D:2:      layout_loops_ring, bloody_trog
D:3:      layout_loops_cross, regret_index_temple_of_mockery
D:4:      layout_basic, gammafunk_temple_overflow_wave, serial_undead,
          serial_undead_b, serial_undead_f, serial_undead_f, serial_undead_d,
          minmay_shop_grid_forest, grunt_ministairs_13,
          kennysheep_cluttered_room, uniq_pikel
D:5:      layout_gridville, overflow_temple_1_default,
          yredelemnul_altar_generic, minmay_temple_entry_drinking_statues,
          serial_shops, shop, fedhas_altar_3, uniq_grinder, uniq_menkaure
D:6:      layout_layer_cave, zin_purify, patterned_corridor, uniq_duvessa,
          uniq_sigmund, uniq_crazy_yiuf_cottage
D:7:      layout_loops_ring, basic_altar
D:8:      layout_cave_pools, nicolae_ru_path_of_blood,
          pdpol_wu_jian_five_deadly_venoms, lemuel_flamethrower_2
D:11:     layout_layer_cave, nicolae_qazlal_general_emergency
D:12:     layout_rooms, david_orc_4, enter_bailey_4, special_room
          [special_room_orc], uniq_kirke
Temple:   dpeg_chambers_temple

Skill      XL: |  1  2  3  4  5  6  7  8  9 10 |
---------------+-------------------------------+-----
Shields        | 4 5 6 7 8 |  8.4
Axes           | 3 4 6 8 9 10 | 10.2
Fighting       | 4 5 6 7 |  7.1
Armour         | 4 5 7 |  7.8

Action                   |  1- 3 |  4- 6 |  7- 9 | 10-12 || total
-------------------------+-------+-------+-------+-------++-------
Melee: War axe           |    81 |   108 |   297 |    83 ||   569
       Mace              |       |       |       |    12 ||    12
Invok: Potion Petition   |       |       |       |     2 ||     2
 Abil: Dig               |       |       |       |     1 ||     1
  Use: Potion            |       |       |     1 |     1 ||     2
 Stab: Distracted        |       |       |     3 |       ||     3
Armor: Scale mail        |    37 |    57 |    86 |    57 ||   237
       Skin              |       |       |       |    30 ||    30
Dodge: Dodged            |    23 |    43 |   102 |    56 ||   224
Block: Kite shield       |    39 |    72 |   148 |    97 ||   356
